AoeStats
← ephesus

Arena

508931731Analyzed
4v4 RM · 6d ago on Sep 24, 2026· 48m 29s· 8 players
Game mode
Random Map
Map size
Large (8 player)
Population
200
Speed
Normal
Resources
Standard
Victory
Conquest
Starting age
Dark Age
Ending age
Imperial Age
RankedLock teamsTeams togetherTeam positionsShared explorationLock speedFull tech treeHidden civsTurbo modeCheats
Victory
Defeat
🇹🇷 Danes · Türkiye
1082
+12
🇹🇷 Teutons · Türkiye
961
+17
🇹🇷 Varangians · Türkiye
952
+17
🇹🇷 Franks · Türkiye
879
+21
🇷🇺 Huns · Russia
1018
-18
🇧🇪 Khmer · Belgium
984
-17
🇺🇸 Britons · United States
975
-16
🇩🇪 Koreans · Germany
960
-16
AlperHan
7:55 Loom
14:31 Feudal Age
15:15 Man-at-Arms
19:21 Castle Age
18:00 Forging
17:50 Scale Mail Armor
20:26 Chain Mail Armor
20:23 Gambesons
21:23 Squires
31:01 Imperial Age
37:08 Double-Bit Axe
38:36 Ballistics
41:39 Long Swordsman
44:47 Plate Mail Armor
44:53 Iron Casting
45:10 Wheelbarrow
44:18 Horse Collar
45:24 Conscription
46:33 Hand Cart
46:23 Heavy Plow
47:00 Arson
47:22 Stone Mining
49:11 Blast Furnace
48:02 Two-Handed Swordsman
ephesus
11:55 Loom
13:41 Feudal Age
20:10 Castle Age
18:50 Double-Bit Axe
18:51 Horse Collar
22:09 Heavy Plow
23:28 Wheelbarrow
29:00 Hand Cart
30:44 Scale Barding Armor
30:49 Forging
34:14 Imperial Age
32:35 Chain Barding Armor
33:33 Iron Casting
32:59 Padded Archer Armor
34:09 Fletching
35:17 Conscription
34:23 Elite Jarl
38:05 Blast Furnace
37:40 Plate Barding Armor
37:02 Bodkin Arrow
40:36 Leather Archer Armor
OzKhan
12:26 Feudal Age
14:27 Double-Bit Axe
17:45 Castle Age
16:43 Loom
20:29 Scale Barding Armor
21:25 Gold Mining
27:58 Chain Barding Armor
28:06 Husbandry
31:47 Wheelbarrow
31:08 Stone Mining
35:03 Imperial Age
35:10 Imperial Age
34:37 Bow Saw
35:28 Cavalier
37:07 Hand Cart
38:07 Plate Barding Armor
osmanars
7:39 Loom
7:56 Loom
11:20 Feudal Age
14:50 Fletching
19:47 Stone Mining
22:36 Castle Age
24:32 Bodkin Arrow
25:41 Gold Mining
30:41 Imperial Age
30:23 Scale Mail Armor
30:34 Forging
32:05 Conscription
33:12 Wheelbarrow
32:59 Elite Teutonic Knight
34:24 Horse Collar
Caillou
10:32 Feudal Age
13:35 Loom
16:22 Castle Age
14:14 Horse Collar
17:42 Pikeman
19:56 Double-Bit Axe
24:51 Man-at-Arms
25:42 Fletching
25:32 Long Swordsman
26:14 Squires
27:02 Forging
26:53 Scale Mail Armor
28:05 Gambesons
28:20 Squires
28:07 Arson
31:11 Wheelbarrow
30:47 Bow Saw
30:30 Gold Mining
30:30 Stone Mining
38:25 Imperial Age
36:58 Heavy Plow
37:37 Gold Shaft Mining
39:04 Hand Cart
38:42 Two-Handed Swordsman
40:08 Champion
40:10 Halberdier
43:27 Iron Casting
43:07 Chain Mail Armor
42:50 Bodkin Arrow
42:56 Padded Archer Armor
B O M B E R
13:45 Feudal Age
20:32 Castle Age
20:00 Double-Bit Axe
19:57 Horse Collar
20:09 Gold Mining
30:45 Wheelbarrow
30:51 Bow Saw
30:48 Husbandry
30:58 Bloodlines
31:27 Forging
31:32 Marauders
32:15 Gold Shaft Mining
31:55 Scale Barding Armor
33:04 Iron Casting
37:45 Chain Barding Armor
Hakdonis
1:04 Loom
10:27 Feudal Age
16:09 Castle Age
14:18 Double-Bit Axe
17:49 Horse Collar
18:19 Husbandry
25:57 Wheelbarrow
26:01 Fletching
26:59 Bodkin Arrow
28:56 Ballistics
29:05 Bow Saw
30:01 Gold Mining
34:00 Imperial Age
31:50 Stone Mining
34:03 Stone Shaft Mining
33:19 Town Watch
34:29 Forging
34:24 Scale Barding Armor
34:23 Squires
35:51 Chemistry
38:14 Pikeman
40:26 Scale Mail Armor
41:01 Iron Casting
40:02 Halberdier
lodecesky
2:53 Loom
10:01 Feudal Age
10:33 Double-Bit Axe
12:37 Horse Collar
15:34 Gold Mining
18:40 Castle Age
16:54 Town Watch
17:11 Stone Mining
18:57 Gold Mining
21:39 Bow Saw
26:10 Wheelbarrow
25:36 Town Patrol
30:52 Heavy Plow
32:27 Fletching
32:46 Scale Barding Armor
32:52 Forging
37:08 Gold Shaft Mining
40:40 Imperial Age
39:51 Chain Barding Armor
40:07 Iron Casting
39:45 Bloodlines
38:55 Light Cavalry
41:22 Hussar
42:49 Crop Rotation
43:12 Husbandry
46:19 Plate Barding Armor
48:16 Blast Furnace
Connection lost

Rejoining the realm…

Still unreachable

The connection could not be restored.

Session expired

The server has moved on; the page needs a fresh start.